 Dungeon Crawl Stone Soup version 0.26-a0-597-gb535b0901c (webtiles) character file.

Game seed: 8266822501997651030

11166 HoaS the Cruncher (level 12, -1/87 HPs)
             Began as a Formicid Fighter on Aug 26, 2020.
             Was an Elder of Makhleb.
             Slain by a deep troll earth mage (11 damage)
             ... on level 11 of the Dungeon.
             The game lasted 00:24:13 (9611 turns).

HoaS the Cruncher (Formicid Fighter)                Turns: 9611, Time: 00:24:14

Health: -1/87      AC: 16    Str: 24    XL:     12   Next: 4%
Magic:  0/12       EV:  7    Int: 10    God:    Makhleb [****..]
Gold:   1160       SH: 18    Dex: 10    Spells: 11/11 levels left

rFire    + . .     SeeInvis +   a - +1 quarterstaff
rCold    . . .     Faith    .   m - +0 tower shield
rNeg     + . .     Spirit   +   y - +2 chain mail {rF+}
rPois    .         Reflect  .   (helmet unavailable)
rElec    .         Harm     .   j - +1 cloak
rCorr    .                      s - +0 pair of gloves
MR       +....                  o - +0 pair of boots
Stlth    ..........             q - amulet of guardian spirit
HPRegen  0.24/turn              g - ring of positive energy
MPRegen  0.13/turn              (no ring)

@: very slightly contaminated, invisible (expiring)
A: permanent stasis, dig shafts and tunnels, four strong arms, antennae 3
a: Dig, Shaft Self, Minor Destruction, Lesser Servant of Makhleb, Major
Destruction, Renounce Religion


You were on level 11 of the Dungeon.
You worshipped Makhleb.
Makhleb was greatly pleased with you.
You visited 2 branches of the dungeon, and saw 12 of its levels.

You collected 1160 gold pieces.

Inventory:

Hand Weapons
 a - a +1 quarterstaff (weapon)
Armour
 j - a +1 cloak (worn)
 m - a +0 tower shield (worn)
 o - a +0 pair of boots (worn)
 s - a +0 pair of gloves (worn)
 y - a +2 chain mail of fire resistance (worn)
Jewellery
 g - a ring of positive energy (left hand)
 q - an amulet of guardian spirit (around neck)
 A - an uncursed ring of ice
Wands
 d - a wand of paralysis (15)
 i - a wand of random effects (24)
 t - a wand of digging (4)
 v - a wand of polymorph (1)
Scrolls
 k - a scroll of identify
 p - 5 scrolls of remove curse
 u - 2 scrolls of enchant weapon
 w - 4 scrolls of enchant armour
Potions
 c - a potion of ambrosia
 e - 14 potions of curing
 f - a potion of lignification
 h - a potion of cancellation
 l - a potion of mutation
 n - 4 potions of flight
 r - a potion of magic {unknown}
 x - a potion of resistance {unknown}
 z - a potion of heal wounds {unknown}


   Skills:
 + Level 5.9 Fighting
 - Level 14.0 Staves
 + Level 5.9 Armour
 * Level 11.5 Shields


You had 11 spell levels left.
You didn't know any spells.
Your spell library contained the following spells:

 Spells                   Type           Power        Failure   Level
 Beastly Appendage        Tmut           #.....       99%         1
 Magic Dart               Conj           #...         99%         1
 Sting                    Tmut/Pois      #...         99%         1
 Call Imp                 Summ           #.......     100%        2
 Poisonous Vapours        Pois/Air       #.....       100%        2
 Slow                     Hex            #.......     100%        2
 Wereblood                Tmut           #.......     100%        2
 Conjure Flame            Conj/Fire      #.......     100%        3
 Ignite Poison            Fire/Tmut/Pois #.......     100%        3
 Mephitic Cloud           Conj/Pois/Air  #.......     100%        3
 Spider Form              Tmut/Pois      #.........   100%        3
 Ice Form                 Ice/Tmut       #.......     100%        4
 Olgreb's Toxic Radiance  Pois           #.......     100%        4
 Blade Hands              Tmut           #.........   100%        5
 Blink                    Tloc           Unusable     N/A         2

Dungeon Overview and Level Annotations

Branches:
Dungeon (11/15)            Temple (1/1) D:5             Orc (0/2) D:9
   Lair: D:8-11

Altars:
Ashenzari
Cheibriados
Dithmenos
Elyvilon
Fedhas
Gozag
Hepliaklqana
Kikubaaqudgha
Makhleb
Nemelex Xobeh
Okawaru
Qazlal
Ru
Sif Muna
Trog
Uskayaw
Vehumet
Wu Jian
Xom
Yredelemnul
Zin
The Shining One

Shops:
D:8 (

Annotations:
D:11 2 transporters, EnegeticOcto's ghost, journeyman DDFi


Innate Abilities, Weirdness & Mutations

You cannot be hasted, slowed, berserked, paralysed or teleported.
You can dig through walls and to a lower floor.
Your four strong arms can wield two-handed weapons with a shield.
You have a pair of large antennae on your head. (SInv)


Message History

You closely miss the deep troll earth mage.
The deep troll earth mage is almost dead.
You block the troll's attack. x2; The troll claws you but does no damage.
The deep troll earth mage bites you! The deep troll earth mage claws you!
* * * LOW HITPOINT WARNING * * *
The deep troll earth mage barely misses you.
You closely miss the deep troll earth mage.
The deep troll earth mage is almost dead.
You hit the deep troll earth mage.
The deep troll earth mage is almost dead.
The deep troll earth mage bites you but does no damage.
You block the deep troll earth mage's attack.
The deep troll earth mage claws you!
* * * LOW HITPOINT WARNING * * *
You hit the deep troll earth mage but do no damage.
The deep troll earth mage is almost dead.
You block the troll's attack. x2; The troll closely misses you.
You block the deep troll earth mage's attack.
The deep troll earth mage claws you!
You die...

#........#.....#####.
....##...#........##.
#.#.##...#........##.
#.#.^.............###
##.#.##....#####....##
#....................†
#.....#######..).#..##
.##.....##...##+##)##.##
.......@T$....#..)))#.<#
..+..8..T.....#.....##.#
#.....#.....#.....##..
#.....##...##.....##..
###+### ########+####.
#. ## # #


You could see a deep troll earth mage and a troll.

Vanquished Creatures
  Erica (D:8)
  2 two-headed ogres
  An unseen horror (D:10)
  Maurice (D:10)
  Psyche (D:8)
  5 trolls
  5 yaks (D:11)
  3 wyverns (D:8)
  Menkaure (D:5)
  Edmund (D:4)
  Duvessa (D:4)
  2 water moccasins
  A black bear (D:10)
  5 orc warriors
  3 ice beasts
  3 sky beasts
  A phantom (D:9)
  7 ogres
  7 centaurs
  2 crocodiles (D:10)
  5 big kobolds
  4 bullfrogs
  2 gnoll sergeants (D:9)
  Dowan (D:4)
  A scorpion (D:5)
  3 killer bees (D:8)
  6 wights
  3 howler monkeys (D:9)
  A bullfrog zombie (D:10)
  4 orc priests
  Crazy Yiuf (D:2)
  7 hounds
  Terence (D:3)
  5 iguanas
  Natasha (thrice) (D:2)
  4 orc wizards
  Ijyb (D:3)
  12 worker ants
  4 hound skeletons
  3 worker ant zombies
  4 gnolls (D:9)
  12 adders
  A howler monkey skeleton (D:5)
  A shadow imp (D:6)
  6 white imps
  An ufetubus (D:8)
  An ooze (D:1)
  An adder skeleton (D:4)
  An adder zombie (D:4)
  6 worms
  A dart slug (D:1)
  6 leopard geckos
  34 orcs
  3 giant cockroaches
  5 goblins
  6 hobgoblins
  22 jackals
  7 quokkas
  7 bats
  6 frilled lizards
  19 kobolds
  2 leopard gecko skeletons
  8 rats
284 creatures vanquished.

Notes
Turn   | Place    | Note
-------+----------+-------------------------------------------
     0 | D:1      | HoaS the Formicid Fighter began the quest for the Orb.
     0 | D:1      | Reached XP level 1. HP: 18/18 MP: 1/1
    48 | D:1      | Reached XP level 2. HP: 13/24 MP: 2/2
   269 | D:1      | Reached XP level 3. HP: 25/29 MP: 3/3
   280 | D:1      | Reached skill level 3 in Staves
   341 | D:1      | Found a snail-covered altar of Cheibriados.
   906 | D:2      | Found a shattered altar of Ashenzari.
   977 | D:2      | Reached XP level 4. HP: 35/35 MP: 4/4
   994 | D:2      | Noticed Natasha
  1001 | D:2      | Killed Natasha
  1152 | D:2      | Noticed Natasha
  1162 | D:2      | Killed Natasha
  1162 | D:2      | Reached skill level 4 in Staves
  1162 | D:2      | Reached XP level 5. HP: 8/41 MP: 5/5
  1603 | D:2      | Found a shimmering altar of Xom.
  1633 | D:2      | Noticed Natasha
  1645 | D:2      | Killed Natasha
  1645 | D:2      | Reached skill level 5 in Shields
  1685 | D:2      | Found a glowing silver altar of Zin.
  1917 | D:2      | Found a runed translucent door.
  1918 | D:2      | Noticed Crazy Yiuf
  2013 | D:2      | Killed Crazy Yiuf
  2081 | D:3      | Noticed Ijyb
  2090 | D:3      | Killed Ijyb
  2090 | D:3      | Reached XP level 6. HP: 30/47 MP: 6/6
  2218 | D:3      | Reached skill level 5 in Staves
  2328 | D:3      | Found a radiant altar of Vehumet.
  2412 | D:3      | Noticed Terence
  2429 | D:3      | Killed Terence
  2797 | D:4      | Noticed Duvessa
  2798 | D:4      | Noticed Dowan
  2817 | D:4      | Killed Duvessa
  2817 | D:4      | Reached skill level 6 in Staves
  2817 | D:4      | Reached XP level 7. HP: 49/52 MP: 5/7
  2825 | D:4      | Killed Dowan
  2860 | D:4      | Found a glowing golden altar of the Shining One.
  3058 | D:4      | Noticed Edmund
  3112 | D:4      | Killed Edmund
  3269 | D:5      | Entered Level 5 of the Dungeon
  3292 | D:5      | Reached skill level 7 in Staves
  3292 | D:5      | Reached XP level 8. HP: 44/58 MP: 6/8
  3338 | D:5      | Noticed Menkaure
  3373 | D:5      | Killed Menkaure
  3640 | D:5      | Found a staircase to the Ecumenical Temple.
  3673 | Temple   | Entered the Ecumenical Temple
  3808 | D:5      | Found an ancient bone altar of Kikubaaqudgha.
  3817 | D:5      | Reached skill level 8 in Staves
  4114 | D:5      | Reached XP level 9. HP: 64/64 MP: 9/9
  4120 | D:5      | Reached skill level 9 in Staves
  4257 | D:5      | Found a burning altar of Makhleb.
  4259 | D:5      | Noticed an Executioner
  4263 | D:5      | Noticed a smoke demon
  4397 | D:5      | Became a worshipper of Makhleb the Destroyer
  5572 | D:7      | Reached skill level 10 in Staves
  5581 | D:7      | Found a basalt altar of Yredelemnul.
  6158 | D:8      | Reached * piety under Makhleb
  6185 | D:8      | Reached skill level 11 in Staves
  6199 | D:8      | Found a white marble altar of Elyvilon.
  6233 | D:8      | Noticed Psyche
  6241 | D:8      | Reached XP level 10. HP: 70/70 MP: 10/10
  6250 | D:8      | Found Etretuh's Antique Weapon Shoppe.
  6255 | D:8      | Killed Psyche
  6321 | D:8      | Noticed Erica
  6338 | D:8      | Reached skill level 12 in Staves
  6342 | D:8      | Killed Erica
  7285 | D:8      | Reached ** piety under Makhleb
  7297 | D:8      | Reached skill level 13 in Staves
  8077 | D:9      | Reached XP level 11. HP: 75/75 MP: 9/11
  8183 | D:9      | Found a staircase to the Orcish Mines.
  8228 | D:9      | Reached skill level 14 in Staves
  8433 | D:9      | Reached *** piety under Makhleb
  8515 | D:10     | Entered Level 10 of the Dungeon
  8627 | D:10     | Noticed an unseen horror
  8650 | D:10     | Killed an unseen horror
  8650 | D:10     | Reached skill level 10 in Shields
  8823 | D:10     | Noticed a two-headed ogre
  8836 | D:10     | Killed a two-headed ogre
  8989 | D:10     | Noticed Maurice
  9049 | D:10     | Killed Maurice
  9049 | D:10     | Reached skill level 5 in Fighting
  9049 | D:10     | Reached skill level 5 in Armour
  9145 | D:11     | Found a transporter.
  9192 | D:11     | Noticed EnegeticOcto's ghost (journeyman DDFi)
  9225 | D:11     | Found a transporter.
  9324 | D:11     | Noticed a two-headed ogre
  9340 | D:11     | Killed a two-headed ogre
  9364 | D:11     | Reached **** piety under Makhleb
  9512 | D:11     | Reached XP level 12. HP: 87/87 MP: 12/12
  9589 | D:11     | Noticed a deep troll earth mage
  9611 | D:11     | Slain by a deep troll earth mage

Illustrated notes

Levels and vault maps discovered:
D:1:      wander_arrival_lonely_grave, layout_loops_ring, minmay_misc_feat_x,
          minivault_27, minmay_misc_feat_more_columns, cheibriados_altar_1
D:2:      layout_loops_ring, overflow_temple_1_default,
          overflow_temple_1_default, nicolae_overflow_crystal_walls,
          minmay_vboxes, uniq_natasha, uniq_crazy_yiuf_cottage
D:3:      layout_rooms, vehumet_crystals, minmay_misc_feat_enclosed,
          uniq_terence, uniq_ijyb
D:4:      layout_rooms, kennysheep_mini_moat, kennysheep_dice, uniq_edmund,
          uniq_duvessa
D:5:      minmay_polygon_palace, layout_basic, old_standard_altar,
          makhleb_altar_promises_db, minmay_temple_entry_tees, uniq_menkaure
D:6:      layout_loops_corners
D:7:      layout_loops_ring, old_standard_altar
D:8:      layout_loops_ring, serial_shops, shop, elyvilon_altar_5, uniq_erica,
          uniq_psyche
D:9:      layout_rooms, kennysheep_orc_monster_closet_entryway
D:10:     layout_big_octagon, dk_noncrumbling_3, uniq_maurice
D:11:     layout_basic, dpeg_lair_monsters, gammafunk_ghost_hive,
          hangedman_decor_push, minmay_three_doors
Temple:   cyrus_circular_temple

Skill      XL: |  1  2  3  4  5  6  7  8  9 10 11 |
---------------+----------------------------------+-----
Shields        | 4 5 6 8 9 11 | 11.5
Staves         | 3 4 6 7 8 11 13 14 | 14.0
Fighting       | 5 |  5.9
Armour         | 5 |  5.9

Action                   |  1- 3 |  4- 6 |  7- 9 | 10-12 || total
-------------------------+-------+-------+-------+-------++-------
Melee: Quarterstaff      |    99 |   200 |   368 |   610 ||  1277
       Unarmed           |       |       |       |    24 ||    24
 Abil: Dig               |       |       |       |     6 ||     6
Evoke: Wand              |       |       |       |    11 ||    11
  Use: Scroll            |     3 |     4 |     7 |     8 ||    22
       Potion            |       |       |     1 |     3 ||     4
 Stab: Invisible         |       |       |       |     1 ||     1
Armor: Scale mail        |    36 |    41 |       |       ||    77
       Chain mail        |       |    24 |    17 |    65 ||   106
       Ring mail         |       |       |    73 |    61 ||   134
Dodge: Dodged            |    35 |    54 |   105 |    95 ||   289
Block: Kite shield       |    62 |    85 |   150 |     8 ||   305
       Tower shield      |       |       |       |   393 ||   393

Table legend: (Time is in decaauts)
 A = Elapsed time spent in this place.
 B = Non-inter-level travel time spent in this place.
 C = Inter-level travel time spent in this place.
 D = Time resting spent in this place.
 E = Time spent auto-exploring this place.
 F = Levels seen in this place.
 G = Mean time per level.
                   A        B        C        D        E       F      G
               +--------+--------+--------+--------+--------+-----+--------+
         Total |   9396 |   8988 |    408 |   1835 |   4864 |  12 |  783.0 |
       Dungeon |   9337 |   8929 |    408 |   1835 |   4821 |  11 |  848.8 |
        Temple |     59 |     59 |      0 |      0 |     43 |   1 |   59.0 |
               +--------+--------+--------+--------+--------+-----+--------+

Top non-repeatable levels by time:
     D:5: 1443 daAuts
     D:8: 1438 daAuts
     D:2: 1168 daAuts
     D:1: 925 daAuts
     D:9: 916 daAuts
     D:6: 760 daAuts
     D:3: 652 daAuts
     D:7: 583 daAuts
     D:4: 577 daAuts
    D:10: 474 daAuts
    D:11: 395 daAuts
  Temple: 59 daAuts
